 Dungeon Crawl Stone Soup version 0.17-a0-477-g451446c (webtiles) character file.

342 Radiman the Chopper (level 6, 0/51 HPs)
             Began as a Centaur Fighter on Apr 7, 2015.
             Slain by emiel's ghost (7 damage)
             ... on level 3 of the Dungeon.
             The game lasted 00:16:56 (3559 turns).

Radiman the Chopper (Centaur Fighter)               Turns: 3559, Time: 00:16:56

Health: 0/51       AC:  6    Str: 18    XL:     6   Next: 30%
Magic:  6/6        EV:  8    Int:  7    God:
Gold:   186        SH:  0    Dex: 11    Spells: 0 memorised, 5 levels left

rFire  . . .     SeeInvis .     z - +14 plutonium sword {Contam Stlth-}
rCold  . . .     Clarity  .     b - +0 scale mail
rNeg   . . .     SustAb   +     (no shield)
rPois  .         Gourm    .     (no helmet)
rElec  .         Spirit   .     (no cloak)
rCorr  .         Warding  .     (no gloves)
rMut   .         Stasis   .     (no barding)
MR     .....                    (no amulet)
Stlth  ..........               y - +1 ring of evasion
                                u - ring of sustain abilities

@: very quick, not resistant to hostile enchantments, extremely unstealthy
A: hooves 3, deformed body, speed 2, tough skin 3
a: no special abilities


You were on level 3 of the Dungeon.
You were very hungry.

You visited 1 branch of the dungeon, and saw 4 of its levels.

You collected 186 gold pieces.

Inventory:

Hand weapons
 a - a +1 war axe
 z - the +14 plutonium sword (weapon) {Contam Stlth-}
   (You found it on level 4 of the Dungeon)

   It causes magical contamination when unequipped.
   It makes you less stealthy.
Armour
 b - a +0 scale mail (worn)
 c - a +0 shield
 p - a +1 robe of magic resistance
 t - a +2 robe of the Archmagi
Jewellery
 u - a ring of sustain abilities (left hand)
 y - a +1 ring of evasion (right hand)
Scrolls
 f - a scroll of blinking {unknown}
 i - a scroll of enchant weapon
 o - 2 scrolls of identify
 s - a scroll of remove curse
 w - a scroll of fear
 x - a scroll of enchant armour {unknown}
Potions
 e - a potion of might
 g - a potion of haste {unknown}
 h - 3 potions of curing {unknown}
 j - a potion of poison {unknown}
 l - a potion of invisibility {unknown}
 m - 2 potions of resistance
 n - 2 potions of restore abilities
 q - a potion of lignification {unknown}
Comestibles
 d - 2 bread rations
 k - a beef jerky
 r - 3 meat rations
 v - a slice of pizza


   Skills:
 - Level 3.0 Fighting
 * Level 0.1 Long Blades
 - Level 6.1 Axes
 - Level 2.1 Armour
 - Level 2.1 Shields


You had 5 spell levels left.
You didn't know any spells.

Dungeon Overview and Level Annotations

Branches:
Dungeon (4/15)
 Temple: D:4-7

Altars:
Kikubaaqudgha

Shops:
D:4 %

Annotations:
D:3 emiel's ghost, average TrWz


Innate Abilities, Weirdness & Mutations

You have hooves in place of feet.
Armour fits poorly on your strangely shaped body.
You cover ground very quickly.
You have extremely tough skin (AC +3).


Message History

Emiel's ghost is moderately damaged.
Emiel's ghost hits you! x2
You hit emiel's ghost. Your kick misses emiel's ghost.
Emiel's ghost is moderately damaged.
Emiel's ghost hits you!
* * * LOW HITPOINT WARNING * * *
Emiel's ghost hits you.
* * * LOW HITPOINT WARNING * * *
You completely miss emiel's ghost.
You kick emiel's ghost, but do no damage.
Emiel's ghost is moderately damaged.
Emiel's ghost hits you.
* * * LOW HITPOINT WARNING * * *
Emiel's ghost hits you but does no damage.
You slice emiel's ghost!!
Emiel's ghost is severely damaged.
Emiel's ghost hits you.
* * * LOW HITPOINT WARNING * * *
Emiel's ghost hits you!
You die...

#.#.##....########## #..#
#.#.##....'........#########.##
#.#.##....####........)......#
..........####.###......######
#.#.#..#.......#<...###.#
#.#....#.#########..#[#.#
....##.#.# #...#..###.#
.........#####.#W#......#
....W..)>).....#@####.###
....##.#.#######......#
######...# ######## ##..# #..#
#..# #..# ##[## #.)#######


You could see emiel's ghost.

Vanquished Creatures
  Blork the orc (D:4)
  An iguana (D:3)
  2 orc wizards (D:3)
  Jessica (D:2)
  4 gnolls (D:3)
  An adder (D:2)
  4 worms (D:2)
  3 giant geckos
  2 oozes
  13 orcs (D:3)
  A giant cockroach (D:2)
  9 goblins
  8 hobgoblins
  12 kobolds
  A quokka (D:3)
  6 bats
  5 giant newts
  8 jackals (D:1)
  9 rats
91 creatures vanquished.

Notes
Turn   | Place    | Note
--------------------------------------------------------------
     0 | D:1      | Radiman, the Centaur Fighter, began the quest for the Orb.
     0 | D:1      | Reached XP level 1. HP: 19/19 MP: 1/1
   234 | D:1      | Reached XP level 2. HP: 26/26 MP: 2/2
   531 | D:1      | Reached XP level 3. HP: 15/31 MP: 3/3
  1178 | D:2      | Noticed Jessica
  1182 | D:2      | Killed Jessica
  1207 | D:2      | Reached XP level 4. HP: 36/38 MP: 4/4
  1316 | D:2      | Reached skill level 4 in Axes
  2097 | D:3      | Found an ancient bone altar of Kikubaaqudgha.
  2144 | D:3      | Reached XP level 5. HP: 21/45 MP: 5/5
  2222 | D:3      | Noticed emiel's ghost (average TrWz)
  2507 | D:3      | Reached skill level 5 in Axes
  3275 | D:4      | Reached XP level 6. HP: 47/51 MP: 6/6
  3332 | D:4      | Found Nypnalyq's Food Shop.
  3418 | D:4      | Noticed Blork the orc
  3424 | D:4      | Killed Blork the orc
  3424 | D:4      | Reached skill level 6 in Axes
  3429 | D:4      | Noticed an ogre
  3559 | D:3      | Slain by emiel's ghost

Action                   |  1- 3 |  4- 6 || total
-------------------------+-------+-------++-------
Melee: War axe           |   105 |   137 ||   242
       Triple sword      |       |    19 ||    19
  Use: Scroll            |     3 |     4 ||     7
  Eat: Chunk             |       |     6 ||     6
